[Event "Titled Tuesday Blitz April 11 Early 2023"]
[White "Korchmar, Vasiliy"]
[Black "Kollars, Dmitrij"]
[WhiteFideId "24131750"]
[BlackFideId "12909572"]
[WhiteElo "2370"]
[BlackElo "2584"]
[Result "0-1"]
[Round "08"]
[TimeControl "180+2"]
[Date "2023.04.11"]
[WhiteClock "0:02:04"]
[BlackClock "0:02:24"]

1. e4 e5 2. Nf3 Nc6 3. Bc4 Nf6 4. d3 Be7 5. O-O O-O 6. Nc3 d6 7. a4 Bg4 8. h3 Bh5 9. Be3 Qc8 10. a5 Nb4 11. d4 Bxf3 12. Qxf3 exd4 13. Bxd4 Nxc2 14. Bxf6 Bxf6 15. Nb1 Nxa1 0-1


[Site "https://www.chess.com"]

[Event "Titled Tuesday Blitz April 11 Early 2023"]
[White "Movahed, Sina"]
[Black "Kosteniuk, Alexandra"]
[WhiteFideId "42520835"]
[BlackFideId "4128125"]
[WhiteElo "2225"]
[BlackElo "2453"]
[Result "1-0"]
[Round "08"]
[TimeControl "180+2"]
[Date "2023.04.11"]
[WhiteClock "0:00:48"]
[BlackClock "0:00:11"]

1. Nf3 Nf6 2. g3 b6 3. Bg2 Bb7 4. O-O e6 5. d4 Be7 6. c4 O-O 7. Nc3 Ne4 8. Bd2 d6 9. Qc2 Nxd2 10. Qxd2 Nd7 11. e4 c5 12. d5 e5 13. Ne1 Bf6 14. Nd3 Re8 15. Rae1 Nf8 16. Kh1 Bc8 17. f4 a6 18. a4 Ra7 19. f5 g5 20. Nf2 Bg7 21. f6 Bxf6 22. Bh3 Bxh3 23. Nxh3 h6 24. Nd1 Ng6 25. Ne3 Bg7 26. Nf5 Bf8 27. Nf2 b5 28. cxb5 axb5 29. axb5 Rb7 30. Qe2 Ne7 31. Ne3 Bg7 32. Qh5 Rf8 33. Nfg4 Kh7 34. Rxf7 Rxf7 35. Qxf7 Qf8 36. Qxf8 Bxf8 37. Nc4 Nc8 38. Rf1 Be7 39. b6 Kg7 40. Nge3 Bf8 41. Nf5+ Kg8 42. Rf3 Nxb6 43. Rb3 1-0


[Site "https://www.chess.com"]

[Event "Titled Tuesday Blitz April 11 Early 2023"]
[White "Iskusnyh, Sergei"]
[Black "Drygalov, Andrey"]
[WhiteFideId "4120027"]
[BlackFideId "24171735"]
[WhiteElo "2492"]
[BlackElo "2466"]
[Result "0-1"]
[Round "08"]
[TimeControl "180+2"]
[Date "2023.04.11"]
[WhiteClock "0:00:15"]
[BlackClock "0:00:17"]

1. d4 Nf6 2. c4 e6 3. g3 c5 4. Nf3 cxd4 5. Nxd4 Nc6 6. Bg2 Bc5 7. Nb3 Be7 8. Nc3 O-O 9. O-O b6 10. Bf4 Bb7 11. Rc1 a6 12. Qd2 d6 13. Rfd1 Ne8 14. Ne4 e5 15. Be3 Rc8 16. Nc3 Nf6 17. Bg5 Ne8 18. Bxe7 Qxe7 19. Nd5 Qd8 20. Qe3 b5 21. cxb5 axb5 22. Nb6 Rc7 23. Nc5 Bc8 24. Nd5 Ra7 25. Nb3 Ra6 26. a3 Bd7 27. Rc2 Ne7 28. Nb4 Ra4 29. Nd2 Nf5 30. Qd3 Nd4 31. Rcc1 Bf5 32. Ne4 d5 33. Nxd5 Qxd5 34. e3 Bxe4 35. Bxe4 Qxe4 36. Qxe4 Ne2+ 37. Kf1 Rxe4 38. Kxe2 Ra4 39. Rc5 b4 40. Rxe5 bxa3 41. bxa3 Rxa3 42. Rd7 Nf6 43. Rb7 Ra2+ 44. Kf3 Rxf2+ 0-1


[Site "https://www.chess.com"]

[Event "Titled Tuesday Blitz April 11 Early 2023"]
[White "Vysochin, Spartak"]
[Black "Rustemov, Alexander"]
[WhiteFideId "14103516"]
[BlackFideId "4119002"]
[WhiteElo "2367"]
[BlackElo "2884"]
[Result "1-0"]
[Round "08"]
[TimeControl "180+2"]
[Date "2023.04.11"]
[WhiteClock "0:00:17"]
[BlackClock "0:00:13"]

1. e4 e6 2. d4 d5 3. e5 c5 4. c3 Qb6 5. Nf3 Bd7 6. Be2 cxd4 7. cxd4 Bb5 8. Bxb5+ Qxb5 9. Nc3 Bb4 10. Bd2 Bxc3 11. bxc3 Nc6 12. Rb1 Qa6 13. Ng5 h6 14. Nh3 Nge7 15. Nf4 O-O 16. h4 Ng6 17. Nh5 Nce7 18. Rh3 Qxa2 19. Ra1 Qc4 20. Bxh6 gxh6 21. Nf6+ Kg7 22. h5 Nf5 23. hxg6 fxg6 24. g4 Ne7 25. Qd2 g5 26. f4 gxf4 27. Qxf4 Ng8 28. g5 Kh8 29. g6 Kg7 30. Nh5+ Kh8 31. g7+ Kh7 32. gxf8=N+ Rxf8 33. Qxf8 Qc7 34. Nf6+ Kh8 35. Rxh6+ 1-0


[Site "https://www.chess.com"]

[Event "Titled Tuesday Blitz April 11 Early 2023"]
[White "Vakhlamov, Igor L."]
[Black "Borgaonkar Akshay"]
[WhiteFideId "24126748"]
[BlackFideId "25639110"]
[WhiteElo "2400"]
[BlackElo "2063"]
[Result "0-1"]
[Round "08"]
[TimeControl "180+2"]
[Date "2023.04.11"]
[WhiteClock "0:00:03"]
[BlackClock "0:00:01"]

1. e4 c6 2. d4 d5 3. exd5 cxd5 4. c4 Nf6 5. Nc3 Nc6 6. Nf3 Bg4 7. cxd5 Nxd5 8. h3 Bxf3 9. Qxf3 e6 10. Bb5 a6 11. Bxc6+ bxc6 12. O-O Bd6 13. Bd2 O-O 14. Rac1 Rb8 15. b3 Bb4 16. Ne4 f5 17. Bxb4 Rxb4 18. Nc5 Re8 19. Rfe1 Qd6 20. Qd3 Nf4 21. Qxa6 Qd5 22. Qf1 Rxd4 23. a3 e5 24. b4 Rf8 25. Rcd1 Rf6 26. Rxd4 exd4 27. g3 Rg6 28. Nd3 Ne6 29. Re5 Qd7 30. Rxf5 Ng5 31. g4 Nxh3+ 32. Kh2 Rxg4 33. Rf3 Ng5 34. Rg3 Qf5 35. Qg2 Rh4+ 36. Kg1 h6 37. Qxc6 Kh7 38. b5 Ne4 39. Rg2 Nf6 40. Rg3 Nh5 41. Rf3 Qg4+ 42. Kf1 Rh1+ 43. Ke2 Qg1 44. Qc2 Qf1+ 45. Kd2 g6 46. b6 Ng7 47. b7 Qg2 0-1


[Site "https://www.chess.com"]

[Event "Titled Tuesday Blitz April 11 Early 2023"]
[White "Arias, Juan Cruz"]
[Black "Aravindh, Chithambaram VR."]
[WhiteFideId "118540"]
[BlackFideId "5072786"]
[WhiteElo "2243"]
[BlackElo "2596"]
[Result "0-1"]
[Round "08"]
[TimeControl "180+2"]
[Date "2023.04.11"]
[WhiteClock "0:00:02"]
[BlackClock "0:00:55"]

1. d4 c5 2. e3 cxd4 3. exd4 d5 4. Nf3 Nf6 5. c3 g6 6. Bf4 Bg7 7. Nbd2 O-O 8. Be2 Nc6 9. O-O Bg4 10. Re1 e6 11. h3 Bxf3 12. Nxf3 Ne8 13. Bd3 Nd6 14. Qd2 a6 15. Bh6 b5 16. h4 Rb8 17. h5 b4 18. hxg6 hxg6 19. Qf4 bxc3 20. bxc3 Bxh6 21. Qxh6 Qf6 22. Bxa6 Ne4 23. Re3 Ne7 24. g4 Rb2 25. Rf1 Ra8 26. Bd3 Raxa2 27. c4 Nxf2 28. Ng5 Qg7 29. Qxg7+ Kxg7 30. Rf3 Nxd3 31. Rxf7+ Kh6 32. Nf3 Rg2+ 33. Kh1 Rxg4 34. Rxe7 Nf2+ 35. Kh2 Ne4+ 36. Kh3 Rg3+ 37. Kh4 Rh2+ 38. Nxh2 g5# 0-1


[Site "https://www.chess.com"]

[Event "Titled Tuesday Blitz April 11 Early 2023"]
[White "Jain Kashish Manoj"]
[Black "Ashraf, Artin"]
[WhiteFideId "35081098"]
[BlackFideId "22514805"]
[WhiteElo "2191"]
[BlackElo "2188"]
[Result "0-1"]
[Round "08"]
[TimeControl "180+2"]
[Date "2023.04.11"]
[WhiteClock "0:00:08"]
[BlackClock "0:00:07"]

1. e4 c5 2. Nf3 d6 3. d4 cxd4 4. Nxd4 Nf6 5. Nc3 a6 6. Be3 e6 7. a3 b5 8. g4 Bb7 9. Bg2 Qc7 10. g5 Nfd7 11. h4 Nc6 12. h5 Be7 13. g6 hxg6 14. hxg6 Rxh1+ 15. Bxh1 Nxd4 16. gxf7+ Kxf7 17. Bxd4 Rh8 18. Qf3+ Bf6 19. O-O-O Ne5 20. Qg3 Qc4 21. Kb1 Rxh1 22. Rxh1 Qxd4 23. Rd1 Qc5 24. f4 Nc4 25. e5 Be7 26. Rg1 Bf8 27. Qg6+ Ke7 28. Re1 dxe5 29. Qg5+ Ke8 30. Qh5+ Kd8 31. Rd1+ Kc7 32. Qe8 Qe7 33. Nxb5+ axb5 34. Qxb5 Nb6 35. fxe5 g5 36. Rd6 Nc8 37. Qc4+ Kb8 38. Rxe6 Qc5 39. Qg4 Bd5 40. Rf6 Be7 41. Rf1 Qe3 42. Rd1 Bf3 43. Qg3 g4 44. e6+ Ka8 45. Re1 Qb6 46. Rf1 Bxa3 47. b3 Qd4 48. c3 Qxc3 49. Qf2 Qxb3+ 50. Ka1 Bb4 51. Qa2+ Qxa2+ 52. Kxa2 Be7 53. Kb2 Kb7 54. Rc1 Bf6+ 55. Kb3 g3 56. Rg1 g2 57. Kc2 Bd4 58. Rb1+ Kc7 59. Kd3 g1=Q 60. Rxg1 Bxg1 61. e7 Nxe7 0-1


[Site "https://www.chess.com"]

[Event "Titled Tuesday Blitz April 11 Early 2023"]
[White "Urazayev, Arystanbek"]
[Black "Odegov, Artem"]
[WhiteFideId "13709810"]
[BlackFideId "34183644"]
[WhiteElo "2449"]
[BlackElo "2300"]
[Result "1-0"]
[Round "08"]
[TimeControl "180+2"]
[Date "2023.04.11"]
[WhiteClock "0:00:42"]
[BlackClock "0:00:01"]

1. e4 c5 2. Nf3 e6 3. c3 Nf6 4. e5 Nd5 5. d4 d6 6. dxc5 dxc5 7. Bd3 Nc6 8. O-O Be7 9. Qe2 Qc7 10. a3 Bd7 11. c4 Nb6 12. Nc3 a6 13. Qe4 O-O-O 14. Bf4 Na5 15. Qe2 Bc6 16. Ne4 h6 17. Nd6+ Rxd6 18. exd6 Bxd6 19. Bxd6 Qxd6 20. b4 cxb4 21. axb4 Qxb4 22. Rfb1 Qc3 23. Ne5 Rd8 24. c5 Na4 25. Nxc6 Nxc6 26. Bxa6 Nxc5 27. Bxb7+ Nxb7 28. Rc1 Rd2 29. Qa6 1-0


[Site "https://www.chess.com"]

[Event "Titled Tuesday Blitz April 11 Early 2023"]
[White "Timofeev, Artyom"]
[Black "Arpita, Mukherjee"]
[WhiteFideId "4140419"]
[BlackFideId "5056403"]
[WhiteElo "2586"]
[BlackElo "2129"]
[Result "1-0"]
[Round "08"]
[TimeControl "180+2"]
[Date "2023.04.11"]
[WhiteClock "0:00:08"]
[BlackClock "0:00:05"]

1. c4 Nf6 2. Nc3 g6 3. e4 d6 4. g3 Bg7 5. Bg2 O-O 6. Nge2 c5 7. O-O Nc6 8. d3 a6 9. h3 Bd7 10. Be3 Rb8 11. a4 e5 12. f4 exf4 13. Nxf4 Re8 14. Kh2 Ne5 15. Kh1 b5 16. axb5 axb5 17. b3 bxc4 18. bxc4 Rb2 19. Rb1 Qb8 20. Nb5 Rxb1 21. Qxb1 h6 22. Qb3 g5 23. Ne2 d5 24. Bxc5 Nxd3 25. Qxd3 dxc4 26. Qf3 Bxb5 27. Bd4 Re6 28. Nc3 Bc6 29. Nd5 Bxd5 30. exd5 Ra6 31. Qe3 Qb3 32. Qf2 Qd3 33. Be5 c3 34. d6 c2 35. Bxf6 Bxf6 36. Qxf6 Qc4 37. d7 Rxf6 38. d8=Q+ Kh7 39. Qxf6 c1=Q 40. Qf5+ Kh8 41. Rxc1 Qxc1+ 42. Kh2 Qc7 43. Qf6+ Kg8 44. Qxh6 Qe5 45. Qh5 Kg7 46. Qg4 Qf6 47. h4 Kh6 48. Qxg5+ Qxg5 49. hxg5+ Kxg5 50. Bh3 f5 51. Kg2 f4 52. g4 Kh4 53. Kf3 Kxh3 54. Kxf4 Kh4 55. Kf5 Kg3 56. g5 1-0


[Site "https://www.chess.com"]

[Event "Titled Tuesday Blitz April 11 Early 2023"]
[White "Ginzburg, Yakov"]
[Black "Flores, Diego"]
[WhiteFideId "4157176"]
[BlackFideId "108049"]
[WhiteElo "2305"]
[BlackElo "2613"]
[Result "0-1"]
[Round "08"]
[TimeControl "180+2"]
[Date "2023.04.11"]
[WhiteClock "0:00:06"]
[BlackClock "0:00:35"]

1. d4 Nf6 2. Nf3 e6 3. g3 b5 4. Bg2 Bb7 5. O-O c5 6. a4 b4 7. a5 a6 8. Be3 cxd4 9. Bxd4 Nc6 10. Bb6 Qb8 11. c4 Be7 12. Nbd2 O-O 13. Nb3 d6 14. Qd3 Nd7 15. h4 Nce5 16. Nxe5 Nxe5 17. Qd4 Bxg2 18. Kxg2 Rc8 19. Rac1 Bf6 20. Qe4 Rxc4 21. Bc7 Rxe4 22. Bxb8 Rxb8 23. Rfd1 Be7 24. Rc7 Bf8 25. Ra7 Rxe2 26. Nd4 Rxb2 27. Rxa6 d5 28. Kg1 Bc5 29. Kf1 h5 30. f4 Ng4 31. Rc6 Ne3+ 32. Ke1 Bxd4 33. Rxd4 Nc2+ 0-1


[Site "https://www.chess.com"]

[Event "Titled Tuesday Blitz April 11 Early 2023"]
[White "Zemlyanskii, Ivan"]
[Black "Jumanov, Elbek"]
[WhiteFideId "24249971"]
[BlackFideId "14202905"]
[WhiteElo "2419"]
[BlackElo "2055"]
[Result "1-0"]
[Round "08"]
[TimeControl "180+2"]
[Date "2023.04.11"]
[WhiteClock "0:00:23"]
[BlackClock "0:00:03"]

1. d4 Nf6 2. c4 c5 3. d5 b5 4. Nf3 bxc4 5. Nc3 g6 6. e4 d6 7. e5 dxe5 8. Nxe5 Bg7 9. Bxc4 O-O 10. O-O Ba6 11. Bxa6 Nxa6 12. Re1 Nb4 13. a3 Nbxd5 14. Nc6 Nxc3 15. Qxd8 Rfxd8 16. Nxd8 Rxd8 17. bxc3 Ne4 18. Bb2 f5 19. f3 Nxc3 20. Rxe7 Bd4+ 21. Kf1 Nd5 22. Re2 Ne3+ 23. Ke1 f4 24. g3 g5 25. gxf4 gxf4 26. Rc1 Rb8 27. Bxd4 cxd4 28. Rd2 Rd8 29. Ke2 Nd5 30. Rc4 Re8+ 31. Kf2 1-0


[Site "https://www.chess.com"]

[Event "Titled Tuesday Blitz April 11 Early 2023"]
[White "Srihari L R"]
[Black "Van Foreest, Machteld"]
[WhiteFideId "46617116"]
[BlackFideId "1051563"]
[WhiteElo "2334"]
[BlackElo "2018"]
[Result "1-0"]
[Round "08"]
[TimeControl "180+2"]
[Date "2023.04.11"]
[WhiteClock "0:00:36"]
[BlackClock "0:00:02"]

1. c4 e5 2. Nc3 Nf6 3. Nf3 Nc6 4. e3 Bb4 5. Qc2 O-O 6. a3 Bxc3 7. Qxc3 e4 8. Nd4 Nxd4 9. Qxd4 d6 10. b4 Be6 11. Bb2 Rc8 12. Be2 c5 13. bxc5 dxc5 14. Qe5 Qa5 15. Qf4 Rfd8 16. Bc3 Qa4 17. Bxf6 gxf6 18. Qxe4 f5 19. Qb1 Bxc4 20. Bxc4 Qxc4 21. Qxf5 h6 22. h3 Rc6 23. Qg4+ Qxg4 24. hxg4 Rcd6 25. Ra2 Kg7 26. Ke2 b5 27. Rh5 Rd5 28. Rf5 c4 29. f3 a5 30. Rb2 Rxf5 31. gxf5 Rd5 32. e4 Rc5 33. Ke3 Kf6 34. Kd4 Rc8 35. Rxb5 1-0


[Site "https://www.chess.com"]

[Event "Titled Tuesday Blitz April 11 Early 2023"]
[White "Maxfan2008"]
[Black "Rakhmatullaev, Almas"]
[BlackFideId "14205793"]
[WhiteElo "2503"]
[BlackElo "2221"]
[Result "0-1"]
[Round "08"]
[TimeControl "180+2"]
[Date "2023.04.11"]
[WhiteClock "0:00:57"]
[BlackClock "0:01:07"]

1. d4 Nf6 2. c4 g6 3. Nf3 Bg7 4. g3 O-O 5. Bg2 d6 6. O-O c6 7. Nc3 Bf5 8. Re1 Ne4 9. Qb3 Qc7 10. Nh4 Nxc3 11. bxc3 Be6 12. e4 b5 13. d5 Bd7 14. cxb5 cxb5 15. Bb2 Rc8 16. Nf3 Na6 17. Nd4 Nc5 18. Qc2 Na4 19. Nc6 Bxc6 20. dxc6 Rab8 21. e5 Bxe5 22. Rad1 Nxb2 23. Qxb2 b4 24. Rxe5 dxe5 25. Rd7 bxc3 26. Qc2 Qa5 27. Rxe7 Rb2 28. Qd3 c2 29. Bd5 c1=Q+ 30. Kg2 Rxf2+ 31. Kxf2 Qac5+ 32. Kg2 Qxe7 0-1


[Site "https://www.chess.com"]

[Event "Titled Tuesday Blitz April 11 Early 2023"]
[White "Iliaguev, Nisim"]
[Black "Samadov, Read"]
[WhiteFideId "2817276"]
[BlackFideId "13417444"]
[WhiteElo "2241"]
[BlackElo "2355"]
[Result "1-0"]
[Round "08"]
[TimeControl "180+2"]
[Date "2023.04.11"]
[WhiteClock "0:00:21"]
[BlackClock "0:00:01"]

1. c4 Nf6 2. g3 e5 3. Bg2 c6 4. d3 d5 5. Nf3 Bd6 6. O-O O-O 7. b3 d4 8. e3 dxe3 9. Bxe3 Nbd7 10. Nc3 Re8 11. d4 exd4 12. Bxd4 Nc5 13. Qd2 Bf5 14. Rad1 Nce4 15. Nxe4 Nxe4 16. Qb2 Qe7 17. Bxg7 f6 18. Nh4 Bg4 19. Bxe4 Be5 20. Qb1 Qxg7 21. Nf5 Bxf5 22. Bxf5 Rad8 23. Qc2 c5 24. Rd5 Bd4 25. Qd3 Qf7 26. Qf3 Kh8 27. Kg2 b6 28. h4 Rxd5 29. cxd5 Rd8 30. Be6 Qf8 31. Re1 b5 32. Re4 Be5 33. a4 a6 34. axb5 axb5 35. Rg4 Qd6 36. Qf5 c4 37. bxc4 b4 38. h5 Qf8 39. c5 b3 40. Rb4 b2 41. Rb7 Qh6 42. d6 Rf8 43. d7 Rd8 44. c6 Qc1 45. c7 Qc6+ 46. Qf3 Qxf3+ 47. Kxf3 Bxc7 48. Rxb2 Kg7 49. Ke4 Kf8 50. Bf5 h6 51. Rc2 Ba5 52. Rc6 Kf7 53. f4 Ke7 54. Re6+ Kf7 55. Ra6 Bc7 56. Kd5 Ke7 57. Re6+ Kf7 58. Kc6 Ba5 59. Re3 Rb8 60. Bg6+ Kg7 61. Re8 Rd8 62. Kd6 Bb6 63. Ke7 1-0


[Site "https://www.chess.com"]

[Event "Titled Tuesday Blitz April 11 Early 2023"]
[White "Rendle, Thomas E"]
[Black "Keymer, Vincent"]
[WhiteFideId "408760"]
[BlackFideId "12940690"]
[WhiteElo "2428"]
[BlackElo "2651"]
[Result "1-0"]
[Round "08"]
[TimeControl "180+2"]
[Date "2023.04.11"]
[WhiteClock "0:00:22"]
[BlackClock "0:00:03"]

1. e4 c6 2. d4 d5 3. exd5 cxd5 4. Nf3 Nc6 5. Ne5 a6 6. c3 Bf5 7. Bf4 e6 8. Nd2 Bd6 9. Qf3 Nf6 10. h3 Qc7 11. g4 Nxe5 12. Bxe5 Be4 13. Nxe4 dxe4 14. Bxd6 Qxd6 15. Qe3 Qb6 16. O-O-O Rc8 17. g5 Nd5 18. Qxe4 Qa5 19. Bd3 Qxa2 20. Bb1 Qa5 21. h4 Kd7 22. Rh3 g6 23. Rf3 Rhf8 24. Qe5 Qc7 25. Qg7 Kc6 26. Qxh7 Kb6 27. Qg7 Ka7 28. Qe5 Qb6 29. Ba2 Nb4 30. Bb3 Rc7 31. Kb1 Nc6 32. Qd6 Rd8 33. Qc5 Qxc5 34. dxc5 Rxd1+ 35. Bxd1 Ne5 36. Rf6 Re7 37. b4 a5 38. h5 gxh5 39. Bxh5 axb4 40. cxb4 Kb8 41. Kc2 Kc7 42. f4 Nc6 43. Rxf7 Nxb4+ 44. Kb3 Nd5 45. g6 Kd8 46. g7 Re8 47. Rf8 1-0


[Site "https://www.chess.com"]

[Event "Titled Tuesday Blitz April 11 Early 2023"]
[White "Gabrielian, Artur"]
[Black "HSH1987"]
[WhiteFideId "4131002"]
[WhiteElo "2432"]
[BlackElo "2687"]
[Result "1/2-1/2"]
[Round "08"]
[TimeControl "180+2"]
[Date "2023.04.11"]
[WhiteClock "0:00:12"]
[BlackClock "0:00:10"]

1. e4 e5 2. Nf3 Nc6 3. Bc4 Bc5 4. d3 Nf6 5. Bg5 d6 6. c3 a6 7. Nbd2 Ba7 8. a4 h6 9. Bh4 g5 10. Bg3 Bg4 11. b4 Ne7 12. O-O Ng6 13. Kh1 h5 14. Qb3 Qd7 15. h4 gxh4 16. Nxh4 O-O-O 17. b5 a5 18. Bxf7 Nf8 19. Nc4 Be6 20. Bxe6 Nxe6 21. b6 cxb6 22. Nxb6+ Bxb6 23. Qxb6 Qc7 24. Qa7 Nc5 25. Rab1 Nxd3 26. Rb5 Nxe4 27. Qe3 Ndc5 28. Bh2 Rdg8 29. Nf5 Rf8 30. Qh3 Kb8 31. f3 Nxc3 32. Rb2 N3xa4 33. Rd2 Qc8 34. Nxd6 Qxh3 35. gxh3 Ka7 36. Bxe5 Rhg8 37. Bd4 b6 38. Re2 Ka6 39. f4 Nb3 40. Be5 Nac5 41. Kh2 Nd3 42. Rd1 Nbc5 43. Rdd2 Nxf4 44. Bxf4 Rxf4 45. Re7 h4 46. Rb2 Rgf8 47. Nb5 Rf2+ 48. Rxf2 Rxf2+ 49. Kg1 Rf3 50. Nc7+ Kb7 51. Nb5+ Kc6 52. Nd4+ Kd6 53. Rh7 Rxh3 54. Nf5+ Ke5 55. Nxh4 Kd5 56. Kg2 Rb3 57. Rh5+ Kc4 58. Nf5 a4 59. Nd6+ Kb4 60. Rh4+ Ka3 61. Nc4+ Ka2 62. Rh6 a3 63. Nxb6 Kb1 64. Nc4 a2 65. Nd2+ Kb2 66. Nxb3 Nxb3 67. Ra6 a1=Q 68. Rxa1 Nxa1 1/2-1/2


[Site "https://www.chess.com"]

[Event "Titled Tuesday Blitz April 11 Early 2023"]
[White "Bharath Subramaniyam H"]
[Black "Krysa, Leandro"]
[WhiteFideId "46634827"]
[BlackFideId "116807"]
[WhiteElo "2395"]
[BlackElo "2489"]
[Result "1-0"]
[Round "08"]
[TimeControl "180+2"]
[Date "2023.04.11"]
[WhiteClock "0:00:48"]
[BlackClock "0:00:03"]

1. d4 Nf6 2. Nc3 d5 3. Bf4 a6 4. e3 e6 5. g4 Bb4 6. Bd3 c5 7. g5 Ne4 8. Bxe4 dxe4 9. Ne2 Nc6 10. dxc5 Qa5 11. O-O e5 12. Bg3 Bh3 13. Nxe4 Bxc5 14. Qd5 Bxf1 15. Rxf1 Be7 16. Qxa5 Nxa5 17. Bxe5 O-O 18. b3 Rac8 19. c4 b5 20. cxb5 axb5 21. Nd4 Nc6 22. Nf5 Rfe8 23. Bxg7 Red8 24. Nf6+ Bxf6 25. gxf6 h5 26. Nh6+ Kh7 27. Nxf7 Rd2 28. Rc1 Na7 29. Rxc8 Nxc8 30. a4 b4 31. Ne5 Rb2 32. Bf8 Nb6 33. f7 1-0


[Site "https://www.chess.com"]

[Event "Titled Tuesday Blitz April 11 Early 2023"]
[White "Kukhmazov, Arsen"]
[Black "Darini, Pouria"]
[WhiteFideId "24108260"]
[BlackFideId "12502200"]
[WhiteElo "2396"]
[BlackElo "2482"]
[Result "1-0"]
[Round "08"]
[TimeControl "180+2"]
[Date "2023.04.11"]
[WhiteClock "0:00:32"]
[BlackClock "0:00:02"]

1. d4 Nf6 2. c4 e6 3. Nc3 Bb4 4. Qc2 c5 5. e3 O-O 6. Nf3 d5 7. a3 Bxc3+ 8. bxc3 Qc7 9. a4 Nc6 10. Ba3 b6 11. dxc5 Rd8 12. cxd5 Nxd5 13. Bd3 h6 14. O-O bxc5 15. Rfd1 Qa5 16. Rac1 Ba6 17. Bxa6 Qxa6 18. Bxc5 Rac8 19. c4 Ndb4 20. Qb3 Rxd1+ 21. Rxd1 Rb8 22. Bd6 Rb7 23. h3 Na5 24. Qc3 Qxc4 25. Be5 Qxc3 26. Bxc3 Nac6 27. Rd6 Rc7 28. Ne5 Nxe5 29. Bxe5 Rc1+ 30. Kh2 Nc6 31. Bg3 a5 32. Rd7 Rc4 33. Rc7 e5 34. h4 h5 35. Kh3 f5 36. f3 Kf8 37. e4 f4 38. Bf2 g6 39. Bb6 Ke8 40. g3 fxg3 41. Kxg3 Kf8 42. Kf2 Ke8 43. Ke3 Rc2 44. f4 exf4+ 45. Kxf4 Kf8 46. Kg5 Rg2+ 47. Kf6 Nd8 48. Rc8 Kg8 49. Rxd8+ Kh7 1-0


[Site "https://www.chess.com"]

[Event "Titled Tuesday Blitz April 11 Early 2023"]
[White "Siva Mahadevan"]
[Black "Seo, Jung Min"]
[WhiteFideId "25043153"]
[BlackFideId "1734687"]
[WhiteElo "2249"]
[BlackElo "2468"]
[Result "1-0"]
[Round "08"]
[TimeControl "180+2"]
[Date "2023.04.11"]
[WhiteClock "0:00:33"]
[BlackClock "0:00:33"]

1. e4 e5 2. Nf3 Nc6 3. Bb5 a6 4. Ba4 Nf6 5. O-O Be7 6. Re1 b5 7. Bb3 O-O 8. a3 d6 9. h3 Na5 10. Ba2 c5 11. d3 Nc6 12. Nc3 Be6 13. Nd5 Rb8 14. c3 h6 15. b4 Re8 16. Be3 Bf8 17. Qd2 a5 18. Rac1 axb4 19. cxb4 Nd4 20. Bxd4 cxd4 21. Nc7 Re7 22. Nxe6 fxe6 23. Rc6 Ra8 24. Qb2 Kh7 25. Rec1 Re8 26. Bb3 Nd7 27. Qa2 Qf6 28. Rc7 Nb6 29. Rb7 Na4 30. Bxa4 Rxa4 31. Rcc7 Rea8 32. Rf7 Qg6 33. Nh4 Qg5 34. Qxe6 Qxh4 35. Qf5+ Kg8 36. Rxg7+ 1-0


[Site "https://www.chess.com"]

[Event "Titled Tuesday Blitz April 11 Early 2023"]
[White "Domingo Nunez, Ruben"]
[Black "Cornette, Matthieu"]
[WhiteFideId "22245570"]
[BlackFideId "620084"]
[WhiteElo "2404"]
[BlackElo "2478"]
[Result "1-0"]
[Round "08"]
[TimeControl "180+2"]
[Date "2023.04.11"]
[WhiteClock "0:00:17"]
[BlackClock "0:00:05"]

1. b3 Nf6 2. Bb2 g6 3. Nf3 Bg7 4. e3 O-O 5. Be2 d6 6. O-O e5 7. c4 Nc6 8. d4 e4 9. Nfd2 Bf5 10. Nc3 h5 11. Qc2 Re8 12. Rfc1 Nxd4 13. exd4 e3 14. Bd3 Bxd3 15. Qxd3 exd2 16. Qxd2 Ng4 17. Re1 Qh4 18. h3 Nxf2 19. Nb5 Ne4 20. Qd3 Qf2+ 21. Kh2 Qf4+ 22. Kg1 Qf2+ 23. Kh2 Qxb2 24. Nxc7 Qxd4 25. Qxd4 Bxd4 26. Rad1 Be5+ 27. Kg1 Nf6 28. Nxa8 Rxa8 29. c5 Ne8 30. cxd6 Bxd6 31. Rxe8+ Rxe8 32. Rxd6 Re2 33. Rd7 Rxa2 34. Rxb7 a5 35. Ra7 Ra3 36. Rb7 Kg7 37. Rb5 Ra2 38. b4 a4 39. Ra5 Kf6 40. b5 Ke6 41. b6 Kd6 42. Rb5 Kc6 43. b7 Kxb5 44. b8=Q+ Kc4 45. Qc7+ Kb4 46. Qe7+ Kb3 47. Qxf7+ Kb2 48. Qf6+ Kb3 49. Qe6+ Kb2 50. Qe5+ Kb3 51. Qb5+ Kc3 52. Qc5+ Kb3 53. Qd5+ Kb2 54. Qd2+ Kb3 55. Qd3+ Kb2 56. Kf2 a3 57. Ke3 Ra1 58. Kd4 Rc1 59. Qb5+ Ka1 60. Kd3 a2 61. Kd2 1-0


[Site "https://www.chess.com"]

[Event "Titled Tuesday Blitz April 11 Early 2023"]
[White "Skliarov, Viktor"]
[Black "Asis Gargatagli, Hipolito"]
[WhiteFideId "14106736"]
[BlackFideId "2260735"]
[WhiteElo "2317"]
[BlackElo "2557"]
[Result "0-1"]
[Round "08"]
[TimeControl "180+2"]
[Date "2023.04.11"]
[WhiteClock "0:00:09"]
[BlackClock "0:02:04"]

1. e4 c5 2. Nf3 d6 3. d4 cxd4 4. Qxd4 Nf6 5. Nc3 Bd7 6. e5 Nc6 7. Qf4 dxe5 8. Nxe5 Nxe5 9. Qxe5 e6 10. Nb5 Nd5 11. Nd6+ Bxd6 12. Qxd6 Bc6 13. Qxd8+ Rxd8 14. Bd2 f6 15. O-O-O Kf7 16. f3 h5 17. h4 Ne7 18. Bd3 Ng6 19. Bxg6+ Kxg6 20. Be3 a6 21. Rxd8 Rxd8 22. Rd1 Rc8 23. b3 Kf5 24. Kb2 e5 25. c4 g5 26. hxg5 fxg5 27. Rd6 h4 28. Rh6 Rg8 29. Bc5 e4 30. fxe4+ Bxe4 31. g3 hxg3 32. b4 Rc8 33. Kc3 Rxc5 34. bxc5 g2 0-1


[Site "https://www.chess.com"]

[Event "Titled Tuesday Blitz April 11 Early 2023"]
[White "Galchenko, Matvey"]
[Black "Kaidanov, Gregory"]
[WhiteFideId "24175480"]
[BlackFideId "2008564"]
[WhiteElo "2423"]
[BlackElo "2547"]
[Result "1-0"]
[Round "08"]
[TimeControl "180+2"]
[Date "2023.04.11"]
[WhiteClock "0:00:12"]
[BlackClock "0:00:10"]

1. f4 d5 2. Nf3 Nf6 3. g3 g6 4. Bg2 Bg7 5. O-O O-O 6. d3 c5 7. Nc3 Nc6 8. e4 dxe4 9. dxe4 Qxd1 10. Rxd1 Bg4 11. e5 Nd7 12. Be3 Rfd8 13. h3 Bxf3 14. Bxf3 Rac8 15. Rd2 Kf8 16. Rad1 Ke8 17. Ne4 b6 18. e6 fxe6 19. Ng5 Ndb8 20. Nxe6 Rxd2 21. Rxd2 Kf7 22. Bg4 Rh8 23. Ng5+ Kf6 24. Be2 h6 25. Ne4+ Kf7 26. Bc4+ e6 27. Rd6 Re8 28. g4 Bd4 29. Kf2 Bxe3+ 30. Kxe3 Na5 31. Bb5 Rc8 32. c3 Ke7 33. Rd1 Nac6 34. Re1 Rd8 35. Bc4 Nd7 36. Kf3 Nf8 37. Ng3 Kf7 38. f5 gxf5 39. gxf5 Kf6 40. fxe6 Re8 41. Nh5+ Kg6 42. Nf4+ Kf6 43. Kg3 Ne5 44. Nh5+ Kg6 45. Rxe5 Nh7 46. Bd3# 1-0


[Site "https://www.chess.com"]

[Event "Titled Tuesday Blitz April 11 Early 2023"]
[White "Hua, Lefong"]
[Black "Molina, Roberto Junio Brito"]
[WhiteFideId "2602253"]
[BlackFideId "2109450"]
[WhiteElo "2624"]
[BlackElo "2376"]
[Result "0-1"]
[Round "08"]
[TimeControl "180+2"]
[Date "2023.04.11"]
[WhiteClock "0:00:03"]
[BlackClock "0:00:13"]

1. d4 c6 2. c4 d5 3. Nf3 Nf6 4. Nc3 dxc4 5. a4 Bf5 6. Ne5 Nbd7 7. Nxc4 Nb6 8. Ne5 a5 9. f3 Nfd7 10. Nxd7 Nxd7 11. e4 Bg6 12. Be3 Qb6 13. Qd2 e5 14. dxe5 Bc5 15. Rd1 O-O 16. Bxc5 Nxc5 17. Be2 Nb3 18. Qg5 h6 19. Qg3 Rad8 20. Rd6 Qc5 21. Qf2 Qxe5 22. Rxd8 Rxd8 23. f4 Qd6 24. O-O Qb4 25. f5 Bh7 26. f6 Qd4 27. fxg7 Kxg7 28. Qxd4+ Rxd4 29. Rd1 Bxe4 30. Rxd4 Nxd4 31. Ba6 Bxg2 32. Bxb7 Bh3 33. Ne4 Bf5 34. Nc5 Bc2 35. Kf2 Kf6 36. Ke3 Ke5 37. Nd7+ Kd6 38. Kxd4 Kxd7 39. b4 axb4 40. a5 Kc7 41. Ba6 Ba4 42. Bc4 f6 43. Kc5 b3 44. Bd3 b2 45. h4 Bb5 46. Bb1 Be2 47. Bc2 Bf3 48. Bb1 Bd5 49. h5 Bf7 50. Kb4 Bxh5 51. Kc3 Bg4 52. Kxb2 h5 53. Kc3 h4 54. Bf5 Bxf5 0-1


[Site "https://www.chess.com"]